 Dungeon Crawl Stone Soup version 0.21.1-1-g345015f (webtiles) character file.

49 xccam the Slasher (level 3, -3/46 HPs)
             Began as a Draconian Berserker on Mar 19, 2018.
             Was a Believer of Trog.
             Slain by a sky beast (5 damage)
             ... on level 2 of the Dungeon.
             The game lasted 00:01:58 (1119 turns).

xccam the Slasher (Draconian Berserker)             Turns: 1119, Time: 00:01:59

Health: -3/46      AC:  5    Str: 25    XL:     3   Next: 51%
Magic:  3/3        EV: 12    Int:  7    God:    Trog [**....]
Gold:   118        SH:  0    Dex: 10    Spells: 2/2 levels left

rFire    . . .     SeeInvis .   a - +0 falchion
rCold    . . .     Gourm    .   (no shield)
rNeg     . . .     Faith    .   (armour unavailable)
rPois    .         Spirit   .   (helmet restricted)
rElec    .         Reflect  .   (no cloak)
rCorr    .         Harm     .   (no gloves)
MR       .....                  (no boots)
Stlth    ..........             (no amulet)
HPRegen  0.15/turn              (no ring)
MPRegen  0.08/turn              (no ring)

@: berserking (expiring), very quick
A: unfitting armour, cold-blooded, AC +5
a: Berserk, Trog's Hand, Burn Spellbooks, Renounce Religion


You were on level 2 of the Dungeon.
You worshipped Trog.
Trog was pleased with you.
You were near starving.

You visited 1 branch of the dungeon, and saw 2 of its levels.

You collected 118 gold pieces.

Inventory:

Hand Weapons
 a - a +0 falchion (weapon)
Scrolls
 c - 3 scrolls of identify {unknown}
 e - 2 scrolls of immolation {unknown}
 h - 2 scrolls of blinking {unknown}
 i - 2 scrolls of teleportation {unknown}
Potions
 d - a potion of invisibility {unknown}
 f - a potion of resistance {unknown}
 g - a potion of magic {unknown}
Comestibles
 b - 5 rations


   Skills:
 - Level 3.3 Fighting
 + Level 4.5 Long Blades
 - Level 2.7 Dodging


You had 2 spell levels left.
You didn't know any spells.

Dungeon Overview and Level Annotations

Branches:
Dungeon (2/15)

Altars:


Innate Abilities, Weirdness & Mutations

Your plain brown scales are hard. (AC +5)
You cannot fit into any form of body armour.
You are cold-blooded and may be slowed by cold attacks.


Message History

You closely miss something.
Your tail-slap misses something.
You miss something. Something hits you but does no damage.
You barely miss something. Something completely misses you.
You barely miss something. Something hits you but does no damage.
You barely miss something. You completely miss something.
Something hits you but does no damage.
You hit something. Something hits you. Something shocks you.
You miss something.
Your tail-slap misses something.
You closely miss something. Something hits you but does no damage.
You completely miss something.
Your tail-slap misses something.
Something hits you but does no damage.
You slash something! You tail-slap something. You miss something.
Your tail-slap misses something.
Something hits you.
* * * LOW HITPOINT WARNING * * *
Something shocks you.
* * * LOW HITPOINT WARNING * * *
You barely miss something. Something hits you.
* * * LOW HITPOINT WARNING * * *
Something shocks you.
You die...

##+####....##.#.######
...........##.#.......
........#'###.#.##.###
........#[# #.#.##.#
#########.# #.#.##.#
###########.# #.#.##.#
#[..........###.#.##.#
................#.##(#
.#....@.............#
......{.........#.#####
#.....######.#..#.....##
#%.... #.#.######.#.
..... ##........#. ##+##
#..#.....)† . ##.#.... #
#...... .....###.


There were no monsters in sight!

Vanquished Creatures
  2 dart slugs (D:1)
  2 leopard geckos (D:2)
  5 bats
  3 giant cockroaches
  4 goblins
  6 hobgoblins
  2 jackals (D:2)
  7 kobolds
  4 frilled lizards
  5 rats
40 creatures vanquished.

Notes
Turn   | Place    | Note
-------+----------+-------------------------------------------
     0 | D:1      | xccam the Draconian Berserker began the quest for the Orb.
     0 | D:1      | Reached XP level 1. HP: 19/19 MP: 1/1
    46 | D:1      | Reached XP level 2. HP: 26/26 MP: 2/2
   341 | D:1      | Reached skill level 4 in Long Blades
   484 | D:1      | Reached XP level 3. HP: 29/31 MP: 3/3
   760 | D:2      | Reached ** piety under Trog
  1101 | D:2      | Noticed a sky beast
  1119 | D:2      | HP: 2/46 [something (3)]
  1119 | D:2      | Slain by a sky beast

Skill      XL: |  1  2 |
---------------+-------+-----
Long Blades    | 4 |  4.5
Fighting       | |  3.3
Dodging        | |  2.7

Action                   || total
-------------------------++-------
Melee: Falchion          ||   137
       Tailslap          ||    13
Invok: Berserk           ||     1
 Stab: Sleeping          ||     1
Armor: Skin              ||    51
Dodge: Dodged            ||    90
       Rpst.: Falchion   ||    26
